 Dungeon Crawl Stone Soup version 0.27.1-1-g398f81649c (webtiles) character file.

Game seed: 15065571319153765904

310 ABBCCCDDDD the Skirmisher (level 6, -10/46 HPs)
             Began as an Octopode Brigand on Sept 12, 2021.
             Killed from afar by a hobgoblin (15 damage)
             ... with an iceblast
             ... on level 4 of the Dungeon.
             The game lasted 00:05:41 (3950 turns).

ABBCCCDDDD the Skirmisher (Octopode Brigand)        Turns: 3950, Time: 00:05:42

Health: -10/46     AC:  1    Str: 11    XL:     6   Next: 41%
Magic:  7/7        EV: 12    Int: 15    God:
Gold:   154        SH:  0    Dex: 13    Spells: 7/7 levels left

rFire    . . .     SeeInvis .   a - +3 dagger
rCold    . . .     Faith    .   (no shield)
rNeg     . . .     Spirit   .   (helmet restricted)
rPois    .         Reflect  .   (no amulet)
rElec    .         Harm     .   (no ring)
rCorr    .         Rampage  .   (no ring)
Will     .....                  (no ring)
Stlth    ++++......             (no ring)
HPRegen  0.15/turn              (no ring)
MPRegen  0.10/turn              (no ring)
                                (no ring)
                                (no ring)

@: mighty
A: almost no armour, amphibious, 8 rings, camouflage 1, gelatinous body 1,
(nimble swimmer 1), tentacles
a: no special abilities


You were on level 4 of the Dungeon.
You visited 1 branch of the dungeon, and saw 4 of its levels.

You collected 154 gold pieces.

Inventory:

Hand Weapons
 a - a +3 dagger (weapon)
Missiles
 b - 40 poisoned darts (quivered)
 c - a curare-tipped dart
 d - 8 boomerangs
 v - 2 javelins
Wands
 o - a wand of digging (5)
Scrolls
 e - a scroll of brand weapon {unknown}
 g - a scroll of blinking
 h - 8 scrolls of identify {unknown}
 i - a scroll of enchant weapon
 j - a scroll of noise {unknown}
 k - a scroll of enchant armour {unknown}
 l - a scroll of fear {unknown}
 n - a scroll of fog {unknown}
 t - a scroll of acquirement {unknown}
Potions
 m - a potion of might
 p - a potion of attraction {unknown}
 q - a potion of heal wounds {unknown}
 r - a potion of curing {unknown}
 s - a potion of flight {unknown}
 u - a potion of brilliance {unknown}


   Skills:
 + Level 6.0 Fighting
 - Level 2.0 Short Blades
 + Level 2.4 Throwing
 - Level 1.0 Dodging
 + Level 5.8 Stealth
 + Level 1.1 Spellcasting


You had 7 spell levels left.
You didn't know any spells.
Your spell library was empty.

Dungeon Overview and Level Annotations

Branches:
Dungeon (4/15)
 Temple: D:4-7

Altars:
Okawaru

Shops:
D:1 (   D:4 *

Annotations:
D:2 1 runed translucent door, Crazy Yiuf
D:3 Natasha
D:4 Grinder


Innate Abilities, Weirdness & Mutations

You cannot wear most types of armour.
You are amphibious.
You can wear up to eight rings at the same time.
Your skin changes colour to match your surroundings (Stealth+).
Your rubbery body absorbs attacks. (AC +1, EV +1)
((You are camouflaged near water. (Stealth+)))
You have tentacles for arms and can constrict up to eight enemies at once.


Message History

A scorpion and a hobgoblin come into view.
The hobgoblin is carrying a wand of iceblast (8).
As you read the scroll labelled AWNASTRAWORCH, it crumbles to dust.
It was a scroll of blinking.
The hobgoblin moves out of view.
Grinder gestures at you.
You suddenly lose the ability to move!
Grinder blinks!
You can move again.
The hobgoblin shouts!
Grinder gestures at you.
You suddenly lose the ability to move!
Grinder blinks!
The scorpion barely misses you. The scorpion stings you.
You can move again.
Okay, then.
The scorpion closely misses you.
Grinder blinks!
The scorpion stings you! The scorpion stings you. The scorpion stings you.
Okay, then.
As you read the scroll labelled TIRAIHISAS, it crumbles to dust.
It is a scroll of enchant weapon.
Your +2 dagger glows red for a moment.
The scorpion stings you but does no damage.
You closely miss the scorpion. You grab the scorpion.
You constrict the scorpion. The scorpion misses you. The scorpion stings you.
* * * LOW HITPOINT WARNING * * *
You hit the scorpion but do no damage. You squeeze the scorpion!
The scorpion is severely wounded.
You constrict the scorpion. The scorpion stings you!
* * * LOW HITPOINT WARNING * * *
It was a potion of might.
You feel very mighty all of a sudden.
You constrict the scorpion. The scorpion completely misses you.
You puncture the scorpion!
You kill the scorpion!
The hobgoblin zaps a wand.
The mass of ice explodes!
The iceblast engulfs you!
You die...

##..... ##.#............##..
#...≈≈. ##.#........###.##..
##########..#.#.....(###.####
.........................#
######...#.......#.######
#......#......##.#
#....<...#.......######
#......###..........(.#
#......g†@............#
####......###............#
#.........# #............#
##.....§...# #.######.....#
l#.........# #># ####...(.#
##...#.∩.≈.# #.###........#
#.........###.....##.....#
###...≈........######....#
#........##### ##...#


You could see a hobgoblin.

Levels and vault maps discovered:
D:1:      arrival_aquarium_a, layout_loops_ring, serial_shops, shop,
          minmay_pentomino_v4
D:2:      minmay_alternating_diamond, layout_basic, uniq_crazy_yiuf_cottage
D:3:      wad_crossroads, layout_basic, uniq_robin, uniq_natasha
D:4:      layout_rooms, mainiacjoe_overflow_chevrons,
          kennysheep_okawaru_gauntlet, serial_aquarium, aquarium_bridge_straight
          [aquarium_subvault_bridge, aquarium_subvault_wall,
          aquarium_subvault_bridge, aquarium_subvault_wall],
          aquarium_bridge_long_joined [aquarium_subvault_wall,
          aquarium_subvault_bridge, aquarium_subvault_bridge,
          aquarium_subvault_window, aquarium_subvault_wall,
          aquarium_subvault_wall], aquarium_window_2, aquarium_window_fake,
          aquarium_window_fake, aquarium_view_2d, nicolae_elemental_shop,
          uniq_grinder

Notes
Turn   | Place    | Note
-------+----------+-------------------------------------------
     0 | D:1      | ABBCCCDDDD the Octopode Brigand began the quest for the
                  | Orb.
     0 | D:1      | Reached XP level 1. HP: 14/14 MP: 1/1
     1 | D:1      | Noticed an electric eel
   106 | D:1      | Reached XP level 2. HP: 17/20 MP: 2/2
   401 | D:1      | Reached skill level 3 in Fighting
   514 | D:1      | Reached XP level 3. HP: 26/26 MP: 3/3
   529 | D:1      | Found Kifuv's Antique Weapon Emporium.
  1080 | D:2      | Found a runed translucent door.
  1081 | D:2      | Noticed Crazy Yiuf
  1250 | D:2      | Reached skill level 4 in Fighting
  1369 | D:2      | Reached XP level 4. HP: 33/33 MP: 4/4
  2103 | D:3      | Noticed Natasha
  2182 | D:3      | Noticed Robin
  2512 | D:3      | Reached skill level 5 in Fighting
  2512 | D:3      | Reached XP level 5. HP: 34/39 MP: 5/5
  2700 | D:3      | Killed Robin
  3571 | D:4      | Found an iron altar of Okawaru.
  3797 | D:4      | Found Qonoinwa's Elemental Accessories.
  3831 | D:4      | Reached XP level 6. HP: 43/46 MP: 6/6
  3854 | D:4      | Noticed a necrophage
  3863 | D:4      | Killed a necrophage
  3864 | D:4      | Reached skill level 6 in Fighting
  3864 | D:4      | Reached skill level 1 in Spellcasting
  3913 | D:4      | Noticed Grinder
  3922 | D:4      | Paralysed by Grinder for 2 turns
  3927 | D:4      | Paralysed by Grinder for 5 turns
  3950 | D:4      | Killed from afar by a hobgoblin

Table legend: (Time is in decaauts)
 A = Elapsed time spent in this place.
 B = Non-inter-level travel time spent in this place.
 C = Inter-level travel time spent in this place.
 D = Time resting spent in this place.
 E = Time spent auto-exploring this place.
 F = Levels seen in this place.
 G = Mean time per level.
                   A        B        C        D        E       F      G
               +--------+--------+--------+--------+--------+-----+--------+
         Total |   3933 |   3781 |    152 |    281 |   2793 |   4 |  983.2 |
       Dungeon |   3933 |   3781 |    152 |    281 |   2793 |   4 |  983.2 |
               +--------+--------+--------+--------+--------+-----+--------+

Top non-repeatable levels by time:
     D:3: 1620 daAuts
     D:1: 958 daAuts
     D:2: 957 daAuts
     D:4: 396 daAuts

Table legend:
 A = Kills in this place as a percentage of kills in entire the game.
 B = Kills by you in this place as a percentage of kills by you in the entire game.
 C = Kills by friends in this place as a percentage of kills by friends in the entire game.
 D = Other kills in this place as a percentage of other kills in the entire game.
 E = Experience gained in this place as a percentage of experience gained in the entire game.
 F = Experience gained in this place divided by the number of levels of this place that you have seen.
                   A       B       C       D       E      F
               +-------+-------+-------+-------+-------+----------------------
         Total | 100.0 | 100.0 |   N/A |   N/A | 100.0 | 131.8
       Dungeon | 100.0 | 100.0 |   N/A |   N/A | 100.0 | 131.8
               +-------+-------+-------+-------+-------+----------------------

Action                   |  1- 3 |  4- 6 || total
-------------------------+-------+-------++-------
Melee: Dagger            |    64 |    69 ||   133
       Constrict         |    12 |    18 ||    30
       Tentacles         |     5 |    11 ||    16
Throw: Boomerang         |     3 |     1 ||     4
       Dart              |     2 |    34 ||    36
       Throwing net      |       |     1 ||     1
  Use: Scroll            |       |     2 ||     2
       Potion            |       |     1 ||     1
 Stab: Sleeping          |    14 |     9 ||    23
       Distracted        |     1 |     1 ||     2
Armor: Skin              |     7 |     6 ||    13
Dodge: Dodged            |    18 |    48 ||    66

Vanquished Creatures
  A necrophage (D:4)
  A scorpion (D:4)
  A hound (D:3)
  An iguana (D:4)
  Robin (D:3)
  4 gnolls (D:3)
  4 adders
  A worm (D:3)
  2 dart slugs
  4 endoplasms
  3 giant cockroaches
  7 hobgoblins
  2 jackals (D:1)
  5 kobolds
  2 quokkas
  7 ball pythons
  7 bats
  4 frilled lizards
  17 goblins
  11 rats
85 creatures vanquished.

Vanquished Creatures (others)
  12 fungi (D:4)
12 creatures vanquished.

Grand Total: 97 creatures vanquished
